 Dungeon Crawl Stone Soup version 0.31-a0-345-g1ebeae05c6 (webtiles) character file.

Game seed: 13199643492622653619

72613 bobo the Grappler (level 15, -14/142 HPs)
             Began as an Octopode Shapeshifter on July 23, 2023.
             Was an Elder of Ashenzari.
             Demolished by a spriggan rider
             ... wielding a +0 quarterstaff
              (30 damage)
             ... on level 2 of the Swamp.
             The game lasted 00:58:48 (18104 turns).

bobo the Grappler (Octopode Shapeshifter)          Turns: 18104, Time: 00:58:49

Health: -14/142    AC: 10    Str: 27    XL:     15   Next: 40%
Magic:  26/26      EV: 27    Int: 10    God:    Ashenzari [****..]
Gold:   1027       SH:  0    Dex: 13    Spells: 24/28 levels left

rFire   . .          .
                       - Unarmed
rCold   . . .        (shield currently unavailable)
rNeg    + + .        (helmet currently unavailable)
rPois   +            D - amulet of Ashenzari's Gnosis {Acrobat, Alch, Dev} (curse)
rElec   .            e - ring "Esoteric Jealousy" {Slay+4, Self, Cun} (curse)
rCorr   .            k - ring "Share My the Doldrums" {rN+, Cun, Self} (curse)
SInv    +            m - ring "Behold Eternity" {EV+5, Elem, Self} (curse)
Will    ++...        w - ring of Apeoromancy {Will+, Comp, Melee} (curse)
Stlth   ++++++       u - ring "Circumscribed Sophism" {EV+5, Cun, Melee} (curse)
HPRegen 0.43/turn    H - ring of the Tethered Failure {rPois, Dev, Alch} (curse)
MPRegen 0.20/turn    F - ring of Ashenzari's Discomfort {rN+, Elem, Self} (curse)
                     (no ring)

%: acrobat, clarity
@: about to teleport, snake-form
A: constrict, boosted hp, almost no armour, amphibious, 8 rings, large,
(camouflage 1), (gelatinous body 1), (nimble swimmer 1), (tentacles)
a: Begin Untransformation, Renounce Religion, Curse Item, Shatter the Chains


You were on level 2 of the Swamp.
You worshipped Ashenzari.
Ashenzari was greatly pleased with you.
You were an enormous anaconda.
You visited 4 branches of the dungeon, and saw 18 of its levels.

You collected 1327 gold pieces.
You spent 300 gold pieces at shops.

Inventory:

Jewellery
 e - the cursed ring "Esoteric Jealousy" (left tentacle) {Slay+4, Self, Cun}
   (You found it on level 1 of the Dungeon)

   [ring of slaying]

   Slay:      It affects your accuracy & damage with ranged weapons and melee
   (+4).
   It has a curse which improves the following skills: Introspection: Fighting
   and Spellcasting.
   Cunning:   Dodging and Stealth.
 k - the cursed ring "Share My the Doldrums" (right tentacle) {rN+, Cun, Self}
   (You found it on level 2 of the Dungeon)

   [ring of positive energy]

   rN:        It protects you from negative energy.
   It has a curse which improves the following skills: Cunning: Dodging and
   Stealth.
   Introspection: Fighting and Spellcasting.
 m - the cursed ring "Behold Eternity" (on tentacle) {EV+5, Elem, Self}
   (You found it on level 2 of the Dungeon)

   [ring of evasion]

   EV:        It affects your evasion (+5).
   It has a curse which improves the following skills: Elements: Fire Magic, Ice
   Magic, Air Magic and Earth Magic.
   Introspection: Fighting and Spellcasting.
 u - the cursed ring "Circumscribed Sophism" (on tentacle) {EV+5, Cun, Melee}
   (You found it on level 7 of the Dungeon)

   [ring of evasion]

   EV:        It affects your evasion (+5).
   It has a curse which improves the following skills: Cunning: Dodging and
   Stealth.
   Melee Combat: Short Blades, Long Blades, Axes, Maces & Flails, Polearms,
   Staves and Unarmed Combat.
 w - the cursed ring of Apeoromancy (on tentacle) {Will+, Comp, Melee}
   (You took it off a gnoll bouda on level 5 of the Dungeon)

   [ring of willpower]

   Will:      It increases your willpower.
   It has a curse which improves the following skills: Companions: Summonings
   and Necromancy.
   Melee Combat: Short Blades, Long Blades, Axes, Maces & Flails, Polearms,
   Staves and Unarmed Combat.
 D - the cursed amulet of Ashenzari's Gnosis (around neck) {Acrobat, Alch, Dev}
   (You bought it in a shop on level 7 of the Dungeon)

   [amulet of the acrobat]

   It increases your evasion while moving and waiting.
   It has a curse which improves the following skills: Alchemy: Poison Magic and
   Transmutations.
   Devices:   Evocations and Shapeshifting.
 F - the cursed ring of Ashenzari's Discomfort (on tentacle) {rN+, Elem, Self}
   (You found it on level 8 of the Dungeon)

   [ring of positive energy]

   rN:        It protects you from negative energy.
   It has a curse which improves the following skills: Elements: Fire Magic, Ice
   Magic, Air Magic and Earth Magic.
   Introspection: Fighting and Spellcasting.
 H - the cursed ring of the Tethered Failure (on tentacle) {rPois, Dev, Alch}
   (You found it on level 8 of the Dungeon)

   [ring of poison resistance]

   rPois:     It protects you from poison.
   It has a curse which improves the following skills: Devices: Evocations and
   Shapeshifting.
   Alchemy:   Poison Magic and Transmutations.
Talismans
 b - a beast talisman
 r - a serpent talisman
Wands
 c - a wand of paralysis (6)
 p - a wand of flame (24) (quivered)
 q - a wand of digging (5)
 C - a wand of mindburst (9)
Scrolls
 a - a scroll of butterflies
 g - 4 scrolls of amnesia
 i - a scroll of poison
 j - 3 scrolls of silence
 o - 2 scrolls of revelation
 y - 8 scrolls of teleportation
 A - 4 scrolls of fear
Potions
 d - 2 potions of haste
 f - a potion of heal wounds
 h - 6 potions of curing
 l - 2 potions of magic
 s - 2 potions of cancellation
 t - 2 potions of enlightenment
 v - 3 potions of mutation
 x - a potion of ambrosia
 E - 5 potions of resistance


   Skills:
 + Level 12.5(16.8) Fighting
 - Level 3.0 Throwing
 + Level 12.7(16.2) Dodging
 - Level 12.0(15.5) Stealth
 + Level 12.8(15.4) Unarmed Combat
 - Level 3.6(7.4) Spellcasting
 - Level 4.8(7.4) Poison Magic
 + Level 11.3(14.0) Shapeshifting


You had 24 spell levels left.
You knew the following spells:

 Your Spells              Type           Power      Damage    Failure   Level
a - Olgreb's Toxic Radia  Pois           18%        N/A       9%          4

Your spell library contained the following spells:

 Spells                   Type           Power      Damage    Failure   Level
 Sting                    Tmut/Pois      44%        1d5       3%          1
 Poisonous Vapours        Pois/Air       22%        N/A       5%          2
 Freeze                   Ice            16%        1d4       16%         1
 Frozen Ramparts          Ice            8%         1d2       43%         3
 Call Canine Familiar     Summ           4%         N/A       45%         3
 Hailstorm                Conj/Ice       4%         3d4       45%         3
 Inner Flame              Hex/Fire       4%         N/A       45%         3
 Portal Projectile        Hex/Tloc       6%         N/A       47%         3
 Leda's Liquefaction      Hex/Erth       2%         N/A       86%         4
 Cause Fear               Hex            1%         N/A       87%         4
 Fireball                 Conj/Fire      2%         3d4       99%         5
 Lee's Rapid Deconstruct  Erth           2%         3d4*      99%         5
 Yara's Violent Unravell  Hex/Tmut       2%         3d3       99%         5
 Leda's Unmaking          Conj/Erth      2%         9d1       100%        6
 Enfeeble                 Hex            1%         N/A       100%        7
 Chain Lightning          Conj/Air       2%         3d2       100%        9
 Dragon's Call            Summ           2%         N/A       100%        9
 Fire Storm               Conj/Fire      2%         8d1       100%        9
 Shatter                  Erth           2%         3d6*      100%        9


Dungeon Overview and Level Annotations

Branches:
Dungeon (10/15)            Temple (0/1) D:7            Lair (5/5) D:9
  Swamp (2/4) Lair:3       Spider (0/4) Lair:3        Slime (0/5) Lair:5
    Orc (1/2) D:10

Altars:
Ashenzari
Cheibriados
Hepliaklqana
Kikubaaqudgha
Qazlal
Sif Muna
Trog
Uskayaw
Wu Jian
Zin
The Shining One
Jiyva

Shops:
D:5 :   D:7 *

Annotations:
D:10 2 runed translucent doors, Pokonic1's ghost, journeyman DsBe
Lair:5 2 transporters, exclusions: obsidian statue and oklob plant, derpindaisy's ghost, journeyman FoHu
Swamp:2 2 transporters, exclusion: obsidian statue


Innate Abilities, Weirdness & Mutations

You are an enormous anaconda.
You have a powerful constriction melee attack.
Your maximum health is increased.
Your armour is entirely melded.
You are incapable of wielding weapons or throwing items.
You cannot wear most types of armour.
You are amphibious.
You can wear up to eight rings at the same time.
((Your skin changes colour to match your surroundings (Stealth+).))
((Your rubbery body absorbs attacks. (AC +1, EV +1)))
((You are camouflaged when in or above water. (Stealth+)))
((You have tentacles for arms and can constrict up to eight enemies at once.))


Message History

You constrict the eleionoma.
The eleionoma hurls a spray of splinters at you.
The spray of wooden splinters hits you!!
* * * LOW HITPOINT WARNING * * *
You feel much better.
You constrict the eleionoma.
The eleionoma hurls a spray of splinters at you.
The spray of wooden splinters misses you.
You lash the eleionoma!
The eleionoma is almost dead.
You constrict the eleionoma. You lash the eleionoma!
You kill the eleionoma!
An eleionoma bone magically twists into a wand of paralysis (6).
A spriggan rider comes into view. It is wielding a +0 spear.
Things that are here:
a wand of paralysis (6); an eleionoma corpse A spriggan rider comes into view.
It is wielding a +0 quarterstaff.
Things that are here:
a wand of paralysis (6); an eleionoma corpse The spriggan rider shouts! x2
The spriggan rider completely misses you.
You enter the shallow water.
Aiming: Paralyse
Press: ? - help, Shift-Dir - straight line, f - spriggan rider
Aim: a spriggan rider, wielding a +0 spear (chance to affect: 2%)
The spriggan rider resists with almost no effort.
The spriggan rider misses you.
A spriggan rider comes into view.
It is wielding a +0 spear and quivering curare-tipped darts.
The spriggan rider barely misses you.
You enter the shallow water.
The spriggan rider hits you from afar with a +0 spear!
* * * LOW HITPOINT WARNING * * *
You enter the shallow water.
The spriggan rider completely misses you.
As you read the scroll of teleportation, it crumbles to dust.
You feel strangely unstable.
The spriggan rider hits you from afar with a +0 spear!!
* * * LOW HITPOINT WARNING * * *
The spriggan rider hits you with a +0 quarterstaff!!
You die...

,~ ,
~~.~~~~~.~.~.~~..~~..~.. * ,
~.♣.~§~~.~...~~~.~~~.... ,
~,~~.....~~~........~.....©.
~ ....~~~.~...♣♣~...###### ~
.~~.~~§~.~~~♣♣♣..##8fi.. ,
,.....~§~§.♣♣♣♣♣).#Hnf...
,,, ~.§§.~~ii~♣♣♣~~♣.#n##.©.
, ~..~~~~~i~.~♣♣~♣♣.#n##...
~ * .~~§~~§S~.~~♣♣♣♣/#k...8.
* ..~~§~§~.♣♣♣♣♣♣..#.##.). ,
.~~~...~♣♣♣♣~....#[##... ,
~*
~~.~~~...~♣♣<.§.~~.#..$=$[ ,
, ~ ~.~~.♣~♣♣§~§.<~~.##8)=©|
, ,,
♣...~♣♣♣)~~...~<..###### ,
♣~..,* ♣♣..)♣♣§.......©. , ,
* ~~.~ * ♣♣~~♣.~~....~... ~
* *~** ♣♣~...~~~~~..~~..


You could see 3 spriggan riders.

Vanquished Creatures
  An orc warlord (Orc:1)
  2 eleionomae (Swamp:2)
  Nessos (Lair:3)
  3 dire elephants (Lair:5)
  3 bunyips (Swamp:1)
  Josephine (D:10)
  7 hydras
  A catoblepas (Lair:5)
  2 boulder beetles
  2 two-headed ogres
  2 alligators (Swamp:1)
  Sonja (Lair:3)
  2 spectral death yaks (Lair:5)
  A spectral anaconda (Lair:5)
  2 goliath frogs
  3 spriggan druids
  A lindwurm (Lair:5)
  3 swamp dragons (Swamp:1)
  4 necromancers (Lair:5)
  An orc knight (Orc:1)
  An ugly thing (D:9)
  4 will-o-the-wisps
  29 elephants
  A dire elephant zombie (Lair:5)
  7 black mambas
  10 cane toads
  3 gargoyles (D:10)
  A rime drake (Lair:3)
  6 komodo dragons
  2 polar bears
  A troll (Orc:1)
  Prince Ribbit (D:8)
  12 blink frogs
  7 hornets
  4 tyrant leeches
  A spectral elephant (Lair:5)
  8 dream sheep
  8 spriggans
  Sigmund (D:3)
  47 yaks
  5 wraiths (D:10)
  3 wyverns
  Grum (D:8)
  2 steam dragons
  2 wargs
  9 swamp worms
  14 water moccasins
  A swamp drake (Swamp:2)
  11 orc warriors
  A black bear (D:3)
  2 ice beasts
  A sky beast (D:6)
  2 ogres
  8 centaurs
  2 elephant skeletons (Lair:5)
  19 wolves
  3 phantoms
  2 kobold brigands (D:8)
  10 bullfrogs
  A cane toad simulacrum (Lair:5)
  6 scorpions
  4 wights (D:7)
  12 killer bees
  3 howler monkeys
  3 electric eels (D:10)
  5 jellies
  4 hounds
  9 orc priests
  Crazy Yiuf (D:6)
  3 gnoll boudas
  Jessica (D:2)
  An iguana (D:4)
  2 sleepcaps
  14 orc wizards
  20 gnolls
  11 adders
  3 white imps
  2 dart slugs
  54 orcs
  15 endoplasms
  5 giant cockroaches
  10 goblins
  9 hobgoblins
  5 jackals
  21 kobolds
  11 quokkas
  6 ball pythons
  6 bats
  13 frilled lizards
  2 rats
557 creatures vanquished.

Vanquished Creatures (others)
  2 bloated husks
  An orc wizard (D:6)
  A gnoll (D:6)
  10 foxfires
14 creatures vanquished.

Grand Total: 571 creatures vanquished

Notes
Turn   | Place    | Note
-------+----------+-------------------------------------------
     0 | D:1      | bobo the Octopode Shapeshifter began the quest for the Orb.
     0 | D:1      | Reached XP level 1. HP: 13/13 MP: 1/1
    70 | D:1      | Reached skill level 1 in Stealth
    70 | D:1      | Reached XP level 2. HP: 15/18 MP: 2/2
   187 | D:1      | Found a faded altar of an unknown god.
   220 | D:1      | Prayed at the altar of an unknown god.
   220 | D:1      | Became a worshipper of Ashenzari the Shackled
   338 | D:1      | Reached XP level 3. HP: 23/23 MP: 3/3
   784 | D:2      | Noticed Jessica
   787 | D:2      | Killed Jessica
   788 | D:2      | Reached XP level 4. HP: 23/29 MP: 4/4
  1431 | D:3      | Reached XP level 5. HP: 34/34 MP: 5/5
  1568 | D:3      | Found a hazy altar of Hepliaklqana.
  1939 | D:3      | Noticed Sigmund
  1948 | D:3      | Killed Sigmund
  1949 | D:3      | Reached skill level 1 in Throwing
  1949 | D:3      | Reached XP level 6. HP: 38/41 MP: 6/6
  2172 | D:4      | Noticed a black bear
  2172 | D:4      | Found a shimmering blue altar of Sif Muna.
  2188 | D:3      | Killed a black bear
  2189 | D:3      | Reached XP level 7. HP: 34/46 MP: 7/7
  2277 | D:4      | Identified the amulet of Ywkiony {RegenMP Dex+2}
  2580 | D:4      | Reached * piety under Ashenzari
  2998 | D:5      | Entered Level 5 of the Dungeon
  3005 | D:5      | Reached XP level 8. HP: 54/54 MP: 8/8
  3280 | D:5      | Reached skill level 5 in Shapeshifting
  3311 | D:5      | Identified the +10 whip of Mayhem {flame, rC+ rN++ SInv}
  3350 | D:5      | Found Sevof's Book Emporium.
  3486 | D:5      | Found a stormy altar of Qazlal.
  3517 | D:5      | Found an ornate altar of the Wu Jian Council.
  3737 | D:6      | Reached XP level 9. HP: 43/61 MP: 9/9
  3799 | D:6      | Identified the +6 scale mail of Hospitality {Contam rC+
                  | rCorr}
  4324 | D:6      | Identified the +1 robe of the Foremost Shrikes {Will+
                  | rCorr}
  4386 | D:6      | Found a snail-covered altar of Cheibriados.
  4472 | D:6      | Found a runed translucent door.
  4473 | D:6      | Noticed Crazy Yiuf
  4481 | D:6      | Killed Crazy Yiuf
  5017 | D:7      | Found Bepoinuy's Neck Hole.
  5023 | D:7      | Bought an amulet of the acrobat for 300 gold pieces
  5183 | D:7      | Found a hide-covered altar of Uskayaw.
  5183 | D:7      | Found a glowing silver altar of Zin.
  5342 | D:7      | Found a staircase to the Ecumenical Temple.
  5373 | D:7      | Reached ** piety under Ashenzari
  5867 | D:8      | Found an ancient bone altar of Kikubaaqudgha.
  5879 | D:8      | Noticed Grum
  5884 | D:8      | Reached skill level 5 in Unarmed Combat
  5889 | D:8      | Killed Grum
  5893 | D:8      | Reached XP level 10. HP: 36/69 MP: 10/10
  6127 | D:8      | Reached skill level 5 in Dodging
  6373 | D:8      | Noticed Prince Ribbit
  6384 | D:8      | Killed Prince Ribbit
  6471 | D:8      | Reached skill level 5 in Fighting
  6822 | D:9      | Noticed a white ugly thing
  6825 | D:9      | Noticed a two-headed ogre
  7016 | D:9      | Noticed a two-headed ogre
  7033 | D:9      | Killed a two-headed ogre
  7048 | D:9      | Found a staircase to the Lair.
  7055 | Lair:1   | Entered Level 1 of the Lair of Beasts
  7055 | Lair:1   | Noticed a cane toad
  7064 | Lair:1   | Killed a cane toad
  7263 | Lair:1   | Noticed a cane toad
  7271 | Lair:1   | Killed a cane toad
  7272 | Lair:1   | Reached skill level 10 in Shapeshifting
  7276 | Lair:1   | Reached XP level 11. HP: 80/80 MP: 11/11
  7393 | Lair:1   | Reached skill level 5 in Stealth
  8888 | Lair:3   | Found a staircase to the Swamp.
  8901 | Lair:3   | Reached XP level 12. HP: 89/89 MP: 12/12
  8920 | Lair:3   | Reached *** piety under Ashenzari
  9039 | Lair:3   | Noticed a boulder beetle
  9054 | Lair:3   | Killed a boulder beetle
  9292 | Lair:3   | Found a hole to the Spider Nest.
  9403 | Lair:3   | Noticed Sonja
  9415 | Lair:3   | Killed Sonja
  9509 | Lair:3   | Reached skill level 10 in Stealth
  9700 | Lair:3   | Noticed Nessos
  9712 | Lair:3   | Killed Nessos
 10341 | Lair:4   | Noticed an eight-headed hydra
 10349 | Lair:4   | Killed an eight-headed hydra
 10501 | Lair:4   | Reached XP level 13. HP: 99/99 MP: 13/13
 10507 | Lair:4   | Reached skill level 10 in Unarmed Combat
 10527 | Lair:4   | Reached skill level 10 in Dodging
 11184 | Lair:5   | Entered Level 5 of the Lair of Beasts
 11249 | Lair:5   | Found a bloodstained altar of Trog.
 11272 | Lair:4   | Reached skill level 10 in Fighting
 11537 | Lair:5   | Found a transporter.
 11553 | Lair:5   | Reached **** piety under Ashenzari
 11844 | Lair:5   | Found a glowing golden altar of the Shining One.
 11906 | Lair:5   | Noticed a rakshasa
 12386 | Lair:5   | Found a staircase to the Slime Pits.
 12387 | Lair:5   | Found a viscous altar of Jiyva.
 12412 | Lair:5   | Reached XP level 14. HP: 110/110 MP: 14/14
 12632 | Lair:5   | Found a transporter.
 12634 | Lair:5   | Noticed derpindaisy's ghost (journeyman FoHu)
 12754 | Lair:5   | Noticed a dire elephant
 12755 | Lair:5   | Noticed a dire elephant
 12755 | Lair:5   | Noticed a dire elephant
 12858 | Lair:5   | Found the +4 skin of Zhor {*Englaciate rC+++ SInv}
 13059 | Lair:5   | Learned a level 4 spell: Olgreb's Toxic Radiance
 13155 | Lair:5   | Reached skill level 1 in Poison Magic
 13166 | Lair:5   | Reached skill level 1 in Spellcasting
 13393 | Lair:5   | Killed a dire elephant
 13398 | Lair:5   | Killed a dire elephant
 13407 | Lair:5   | Killed a dire elephant
 14459 | D:10     | Entered Level 10 of the Dungeon
 14621 | D:10     | Noticed Josephine
 14634 | D:10     | Killed Josephine
 15356 | D:10     | Found a large runed translucent door.
 15357 | D:10     | Found a large runed translucent door.
 15360 | D:10     | Noticed Pokonic1's ghost (journeyman DsBe)
 15367 | D:10     | Found a staircase to the Orcish Mines.
 15402 | Orc:1    | Entered Level 1 of the Orcish Mines
 15604 | Orc:1    | Noticed an orc warlord
 15644 | Orc:1    | Killed an orc warlord
 15970 | Swamp:1  | Entered Level 1 of the Swamp
 16275 | Swamp:1  | Reached XP level 15. HP: 118/118 MP: 24/26
 16986 | Swamp:2  | Noticed a fenstrider witch
 16986 | Swamp:2  | Noticed a ghoul
 16991 | Swamp:2  | Noticed a thorn hunter
 16992 | Swamp:2  | Noticed a ghoul
 17216 | Swamp:2  | Identified the ring "Aphesu Pusi" {Fire Dex+4}
 17216 | Swamp:2  | Found a transporter.
 17359 | Swamp:2  | Noticed a ghoul
 17680 | Swamp:2  | Found a transporter.
 18104 | Swamp:2  | Demolished by a spriggan rider

Illustrated notes

Levels and vault maps discovered:
D:1:      psy_arrival_radial01, layout_basic, dreamdust_ecumenical_altar_grove
D:2:      minmay_diamond_boxcup, layout_loops_ring, uniq_jessica
D:3:      layout_basic, mainiacjoe_overflow_small_starburst,
          amcnicky_mini_pool_small, minmay_lizard_king, uniq_sigmund
D:4:      layout_cave_pools, mainiacjoe_overflow_tiny_flanked
D:5:      cheibrodos_helix_gallery, layout_rooms,
          mainiacjoe_overflow_large_starburst, serial_shops, shop_coins,
          chequers_arboretum, kennysheep_small_circle
D:6:      layout_rooms, lemuel_doored_altar, uniq_crazy_yiuf_cottage
D:7:      layout_basic, jmf_multi_god_temple, minmay_temple_entry_from_below_a,
          nicolae_shop_sticking_my_neck_out
D:8:      layout_basic, kiku_gazebo_garden_becter, dreamdust_mushroom_princess,
          uniq_prince_ribbit1, uniq_grum
D:9:      layout_long_grid, lair_entry_dummy
D:10:     minmay_general_purpose_star, layout_basic, david_orc_2,
          ebering_ghost_disaster_area, uniq_josephine
Lair:1:   layout_chaotic_city, nicolae_lair_lil_pond, minivault_23
Lair:2:   layout_loops_ring
Lair:3:   layout_regular_city, minmay_swamp_entry_worms,
          nicolae_spider_entry_non_spiders, uniq_nessos, uniq_sonja
Lair:4:   layout_cave_pods
Lair:5:   due_jungle_book, layout_gridlike, nicolae_slime_entry_slimehenge,
          basic_altar, gammafunk_ghost_abyssal_escape, lemuel_oklob_altar,
          serial_bayou_shore_b
Swamp:1:  layout_basic_swamp, evilmike_swamp_ruin_house_2
Swamp:2:  gammafunk_sealed_arena, layout_basic_swamp, hangedman_swamp_pad,
          swamp_pool1
Orc:1:    layout_caves

Skill      XL: |  1  2  3  4  5  6  7  8  9 10 11 12 13 14 |
---------------+-------------------------------------------+-----
Stealth        | 1 2 3 4 8 10 12 | 12.0
Fighting       | 2 3 4 6 7 9 10 12 | 12.5
Dodging        | 3 4 6 8 9 11 12 | 12.7
Throwing       | 1 2 3 |  3.0
Unarmed Combat | 4 5 6 8 9 11 12 | 12.8
Shapeshifting  | 4 6 9 10 11 | 11.3
Poison Magic   | 4 |  4.8
Spellcasting   | 3 |  3.6

Action                     |  1- 3 |  4- 6 |  7- 9 | 10-12 | 13-15 || total
---------------------------+-------+-------+-------+-------+-------++-------
  Melee: Unarmed           |    59 |    87 |   199 |   379 |   598 ||  1322
         Constrict         |    11 |    29 |    60 |    88 |    94 ||   282
         Tentacles         |     9 |    17 |    35 |       |       ||    61
         Punch             |       |     1 |     8 |       |       ||     9
  Throw: Boomerang         |       |       |    25 |       |       ||    25
         Dart              |       |       |     5 |       |       ||     5
   Cast: Olgreb's Toxic Ra |       |       |       |       |    19 ||    19
 Invoke: Curse Item        |     1 |     2 |     4 |     2 |     2 ||    11
         Shatter the Chain |     1 |     1 |     1 |       |       ||     3
  Evoke: Wand              |       |       |     2 |     4 |    13 ||    19
    Use: Potion            |       |     1 |       |     2 |     7 ||    10
         Scroll            |       |       |     3 |     2 |     2 ||     7
   Stab: Sleeping          |     6 |    15 |     8 |    11 |    14 ||    54
         Distracted        |       |       |     1 |     1 |     4 ||     6
         Petrifying        |       |       |       |       |     2 ||     2
         Paralysed         |       |       |       |       |     1 ||     1
 Armour: Skin              |     4 |     1 |    17 |    36 |    76 ||   134
  Dodge: Dodged            |    26 |    51 |   186 |   369 |   651 ||  1283
   Form: Anaconda          |       |       |     1 |       |       ||     1

Table legend: (Time is in decaauts)
 A = Elapsed time spent in this place.
 B = Non-inter-level travel time spent in this place.
 C = Inter-level travel time spent in this place.
 D = Time resting spent in this place.
 E = Time spent auto-exploring this place.
 F = Levels seen in this place.
 G = Mean time per level.
                   A        B        C        D        E       F      G
               +--------+--------+--------+--------+--------+-----+--------+
         Total |  17855 |  17032 |    823 |   3141 |  10193 |  18 |  991.9 |
       Dungeon |   8849 |   8462 |    387 |   1050 |   5601 |  10 |  884.9 |
          Lair |   6811 |   6490 |    321 |   1282 |   3816 |   5 | 1362.2 |
         Swamp |   1956 |   1841 |    115 |    808 |    627 |   2 |  978.0 |
  Orcish Mines |    237 |    237 |      0 |      0 |    149 |   1 |  237.0 |
               +--------+--------+--------+--------+--------+-----+--------+

Top non-repeatable levels by time:
  Lair:5: 1999 daAuts
  Lair:4: 1699 daAuts
 Swamp:1: 1414 daAuts
  Lair:3: 1376 daAuts
     D:7: 1245 daAuts
    D:10: 1170 daAuts
  Lair:1: 999 daAuts
     D:8: 996 daAuts
     D:4: 986 daAuts
     D:6: 947 daAuts
     D:3: 782 daAuts
  Lair:2: 737 daAuts
     D:9: 713 daAuts
     D:1: 698 daAuts
     D:2: 689 daAuts
